 Dungeon Crawl Stone Soup version 0.29-a0-23-ga79f92ac9c (webtiles) character file.

Game seed: 13902376981880530073

124 Ajdolov the Digger (level 5, -1/31 HPs)
             Began as an Octopode Earth Elementalist on Jan 30, 2022.
             Slain by a dart slug (2 damage)
             ... while paralysed by Grinder
             ... on level 3 of the Dungeon.
             The game lasted 00:06:10 (2723 turns).

Ajdolov the Digger (Octopode Earth Elementalist)    Turns: 2723, Time: 00:06:11

Health: -1/31      AC:  1    Str:  7    XL:     5   Next: 8%
Magic:  5/9        EV:  2    Int: 19    God:
Gold:   68         SH:  0    Dex: 13    Spells: 6/10 levels left

rFire   . . .      SeeInvis .   f - +0 dagger
rCold   . . .      Faith    .   (no shield)
rNeg    . . .      Spirit   .   (helmet restricted)
rPois   .          Reflect  .   (no amulet)
rElec   .          Harm     .   (no ring)
rCorr   .          Rampage  .   (no ring)
Will    .....                   (no ring)
Stlth   +++.......              (no ring)
HPRegen 0.10/turn               (no ring)
MPRegen 0.11/turn               (no ring)
                                (no ring)
                                (no ring)

@: paralysed
A: almost no armour, amphibious, 8 rings, camouflage 1, gelatinous body 1,
(nimble swimmer 1), tentacles
a: no special abilities


You were on level 3 of the Dungeon.
You visited 1 branch of the dungeon, and saw 3 of its levels.

You collected 68 gold pieces.

Inventory:

Hand Weapons
 f - a +0 dagger (weapon)
Missiles
 b - 33 stones
Magical Staves
 k - a staff of death
Scrolls
 a - 6 scrolls of identify {unknown}
 c - a scroll of vulnerability {unknown}
 h - a scroll of magic mapping {unknown}
 i - a scroll of teleportation {unknown}
 l - a scroll of enchant armour {unknown}
Potions
 d - a potion of brilliance {unknown}
 e - 2 potions of haste {unknown}
 g - 2 potions of attraction {unknown}
 j - a potion of heal wounds {unknown}


   Skills:
 - Level 2.0 Dodging
 - Level 2.6 Stealth
 + Level 3.0 Spellcasting
 * Level 0.9 Conjurations
 - Level 1.0 Transmutations
 * Level 4.8 Earth Magic


You had 6 spell levels left.
You knew the following spells:

 Your Spells              Type           Power      Damage    Failure   Level
a - Sandblast             Erth           42%        2d11      1%          1
b - Stone Arrow           Conj/Erth      26%        3d8       14%         3

Your spell library contained the following spells:

 Spells                   Type           Power      Damage    Failure   Level
 Passwall                 Tmut/Erth      10%        N/A       7%          2
 Summon Small Mammal      Summ           8%         N/A       16%         1
 Call Canine Familiar     Summ           2%         N/A       41%         3
 Summon Guardian Golem    Hex/Summ       2%         N/A       41%         3
 Petrify                  Tmut/Erth      13%        N/A       41%         4


Dungeon Overview and Level Annotations

Branches:
Dungeon (3/15)

Altars:

Annotations:
D:3 Grinder


Innate Abilities, Weirdness & Mutations

You cannot wear most types of armour.
You are amphibious.
You can wear up to eight rings at the same time.
Your skin changes colour to match your surroundings (Stealth+).
Your rubbery body absorbs attacks. (AC +1, EV +1)
((You are camouflaged when in or above water. (Stealth+)))
You have tentacles for arms and can constrict up to eight enemies at once.


Message History

Aim: a hobgoblin (81% to hit)
The blast of sand hits the hobgoblin!
You kill the hobgoblin!
Unknown command.
You start resting.
A giant cockroach comes into view.
Aiming: Sandblast (safe; 1% risk of failure)
Press: ? - help, Q - select action, (/) - cycle Shift-Dir - straight line, f - giant cockroach
Aim: a giant cockroach (wandering, hasn't noticed you, 81% to hit)
The blast of sand hits the giant cockroach.
You kill the giant cockroach!
Grinder shouts!
Grinder gestures at you. Pain shoots through your body!
Okay, then.
Items here: $ ( )) [[.
You see here a +0 dagger.
An orc comes into view. It is wielding a +0 flail.
Press: ? - help, v - describe, . - travel
Here: Grinder The floor.
Grinder gestures at you.
You suddenly lose the ability to move!
You can move again.
Unknown command.
A dart slug comes into view.
The dart slug launches a dart at you. The slug dart misses you.
Grinder gestures at you.
You shrug off the repeated paralysis!
Found 20 arrows.
Grinder gestures at you.
You suddenly lose the ability to move!
The dart slug bites you. The dart slug launches a dart at you.
The slug dart hits you. Grinder gestures at you. Pain shoots through your body!
* * * LOW HITPOINT WARNING * * *
The dart slug bites you.
You die...

########
#......#
..#####......#
(............#
#@.....#
#w.....#
###.#### #.##
#.5#
#######.##
#........#
#......#.#
#......#.#


You could see Grinder and a dart slug.

Vanquished Creatures
  Jessica (D:2)
  Robin (D:3)
  2 adders (D:3)
  A dart slug (D:2)
  6 endoplasms
  5 giant cockroaches
  15 goblins
  6 hobgoblins
  3 kobolds
  A quokka (D:2)
  8 ball pythons
  9 bats
  3 frilled lizards
  5 rats
66 creatures vanquished.

Notes
Turn   | Place    | Note
-------+----------+-------------------------------------------
     0 | D:1      | Ajdolov the Octopode Earth Elementalist began the quest for
                  | the Orb.
     0 | D:1      | Reached XP level 1. HP: 11/11 MP: 3/3
   427 | D:1      | Reached XP level 2. HP: 17/17 MP: 3/5
   957 | D:1      | Found a faded altar of an unknown god.
  1429 | D:2      | Noticed Jessica
  1432 | D:2      | Killed Jessica
  1433 | D:2      | Reached skill level 4 in Earth Magic
  1433 | D:2      | Reached XP level 3. HP: 21/21 MP: 2/6
  1740 | D:2      | Reached XP level 4. HP: 27/27 MP: 8/8
  2426 | D:3      | Noticed Robin
  2445 | D:3      | Learned a level 3 spell: Stone Arrow
  2530 | D:3      | Noticed Grinder
  2691 | D:3      | Killed Robin
  2692 | D:3      | Reached XP level 5. HP: 22/31 MP: 4/9
  2715 | D:3      | Paralysed by Grinder for 3 turns
  2720 | D:3      | Paralysed by Grinder for 5 turns
  2722 | D:3      | HP: 1/31 [Grinder/nerve-wracking pain (9)]
  2723 | D:3      | Slain by a dart slug

Illustrated notes

Levels and vault maps discovered:
D:1:      psy_arrival_heroes, layout_loops_ring, ebering_ecumenical_altar_webs
D:2:      layout_basic, chequers_serial_rivers_large_a,
          chequers_serial_rivers_small_b, uniq_jessica
D:3:      layout_basic, uniq_robin, uniq_grinder

Skill      XL: |  1  2  3  4 |
---------------+-------------+-----
Earth Magic    | 4 |  4.8
Spellcasting   | 3 |  3.0
Dodging        | |  2.0
Stealth        | |  2.6
Conjurations   | |  0.9
Transmutations | |  1.0

Action                   |  1- 3 |  4- 6 || total
-------------------------+-------+-------++-------
Melee: Unarmed           |     2 |       ||     2
       Constrict         |     1 |     5 ||     6
       Dagger            |     2 |    28 ||    30
       Punch             |     1 |       ||     1
       Tentacles         |       |     6 ||     6
 Cast: Sandblast         |    36 |    28 ||    64
 Stab: Sleeping          |     1 |     7 ||     8
Armor: Skin              |     3 |     2 ||     5
Dodge: Dodged            |    12 |    25 ||    37

Table legend: (Time is in decaauts)
 A = Elapsed time spent in this place.
 B = Non-inter-level travel time spent in this place.
 C = Inter-level travel time spent in this place.
 D = Time resting spent in this place.
 E = Time spent auto-exploring this place.
 F = Levels seen in this place.
 G = Mean time per level.
                   A        B        C        D        E       F      G
               +--------+--------+--------+--------+--------+-----+--------+
         Total |   2722 |   2672 |     50 |    170 |   2101 |   3 |  907.3 |
       Dungeon |   2722 |   2672 |     50 |    170 |   2101 |   3 |  907.3 |
               +--------+--------+--------+--------+--------+-----+--------+

Top non-repeatable levels by time:
     D:2: 1166 daAuts
     D:1: 1077 daAuts
     D:3: 477 daAuts
